Map: 2000 Atmospheres LE

Players

A.I. 1 (Very Easy)

  • Race: Protoss Protoss

IIIIIIIIIIII - Winner!

  • Race: Protoss Protoss
  • League: Master

VOD

Have the link to the VOD?

Description

Time

  • Played on: March 3, 2022, 4:19 p.m.
  • Length: 10:28
Show
View Real Time Build Order
Export as new Build Order

A.I. 1 (Very Easy) Protoss 

Build Orders:  

Get SALT Encoding   

  12  0:00  Probe  
  13  0:13  Probe  
  14  0:19  Pylon  
  14  0:37  Assimilator  
  14  0:43  Gateway  
  14  0:45  Pylon  
  14  1:14  Assimilator  
  14  1:16  Probe  
  14  1:24  Probe  
  15  1:32  Probe  
  16  1:33  Cybernetics Core  
  17  1:43  Probe  
  18  1:55  Probe  
  18  2:00  Warp Gate  
  19  2:03  Probe  
  20  2:10  Stalker  
  22  5:19  Zealot  
  22  5:20  Probe  
  25  5:22  Pylon  
  25  5:24  Robotics Facility  
  25  5:29  Probe  
  24  5:37  Probe  
  25  5:46  Probe  
  26  5:54  Pylon  
  26  5:58  Probe  
  26  6:11  Probe  
  27  6:14  Observer, Zealot  
  30  6:35  Observer  
  31  7:03  Nexus  
  31  7:10  Stalker  
  33  8:14  Probe  
  34  8:22  Probe  
  34  8:24  Assimilator  
  34  8:25  Probe  
  35  8:27  Assimilator  
  36  8:36  Probe  
  36  8:40  Probe  
  38  8:51  Probe  
  39  8:58  Probe  
  40  9:05  Probe  
  41  9:10  Probe  
  42  9:19  Probe  
  42  9:23  Probe, Stalker  
  41  9:41  Probe  
  23  9:51  Stalker  
  25  9:53  Probe  
  25  9:56  Pylon  
Show
View Real Time Build Order
Export as new Build Order

IIIIIIIIIIII Protoss - Winner!

Build Orders: Nexus First, Mass Adepts 

Get SALT Encoding   

  12  0:00  Probe  
  13  0:13  Probe  
  14  0:18  Pylon  
  14  0:25  Probe  
  15  0:37  Probe  
  16  0:49  Probe  
  17  0:57  Nexus  
  17  1:07  Gateway  
  17  1:15  Probe (Chrono Boost)  
  18  1:22  Assimilator  
  19  1:26  Assimilator, Probe (Chrono Boost)  
  19  1:30  Probe (Chrono Boost)  
  20  1:38  Gateway  
  20  1:42  Probe  
  21  1:56  Probe  
  21  1:59  Cybernetics Core  
  22  2:06  Pylon  
  23  2:10  Probe (Chrono Boost)  
  23  2:13  Probe (Chrono Boost)  
  24  2:20  Probe (Chrono Boost)  
  26  2:22  Probe (Chrono Boost)  
  26  2:27  Probe  
  27  2:32  Warp Gate (Chrono Boost), Probe  
  27  2:33  Adept (Chrono Boost)  
  27  2:34  Adept (Chrono Boost)  
  32  2:39  Probe  
  33  2:44  Probe  
  33  2:51  Probe  
  35  2:55  Adept  
  35  2:56  Probe, Stalker  
  40  3:01  Pylon  
  40  3:03  Probe  
  41  3:09  Probe  
  41  3:10  Gateway  
  42  3:13  Gateway  
  42  3:15  Probe  
  43  3:21  Probe  
  44  3:27  Probe  
  44  3:28  Adept  
  44  3:29  Adept  
  44  3:34  Probe  
  50  3:39  Probe  
  51  3:46  Probe  
  52  3:50  Pylon  
  52  3:51  Probe  
  52  3:54  Nexus  
  53  3:56  Pylon  
  53  4:07  Probe  
  53  4:08  Probe  
  55  4:11  Adept x3  
  55  4:15  Adept  
  63  4:18  Pylon  
  63  4:19  Probe  
  63  4:20  Probe  
  65  4:31  Forge, Twilight Council  
  65  4:35  Adept x2  
  65  4:38  Adept x2  
  71  4:41  Probe x2  
  75  4:47  Assimilator  
  75  4:48  Assimilator  
  75  4:52  Pylon  
  75  4:54  Probe x2  
  75  4:59  Robotics Facility, Blink (Chrono Boost)  
  77  5:02  Protoss Ground Weapons Level 1 (Chrono Boost)  
  77  5:06  Probe x2  
  77  5:07  Probe  
  80  5:10  Shield Battery  
  80  5:18  Probe x2  
  80  5:19  Probe  
  83  5:24  Adept x2  
  87  5:30  Probe x2  
  87  5:33  Pylon  
  87  5:34  Probe  
  91  5:42  Probe  
  91  5:43  Sentry x2, Probe  
  91  5:47  Assimilator  
  91  5:48  Assimilator  
  91  5:49  Probe  
  97  5:54  Observer  
  97  5:55  Probe x2  
  100  6:01  Gateway x2  
  100  6:02  Robotics Bay  
  100  6:04  Probe  
  100  6:07  Probe x2  
  103  6:13  Sentry  
  103  6:17  Gateway, Probe  
  106  6:18  Gateway  
  106  6:21  Gateway  
  106  6:23  Gateway  
  106  6:29  Pylon  
  106  6:31  Warp Prism (Chrono Boost)  
  108  6:38  Pylon x2  
  108  6:40  Pylon  
  108  6:42  Pylon  
  108  6:43  Protoss Ground Weapons Level 2 (Chrono Boost)  
  108  6:48  Sentry x4  
  108  6:50  Extended Thermal Lance (Chrono Boost)  
  116  7:03  Pylon  
  116  7:04  Pylon, Colossus (Chrono Boost)  
  122  7:16  Stalker x3  
  122  7:19  Nexus  
  122  7:22  Pylon  
  128  7:23  Pylon  
  128  7:25  Observer  
  128  7:32  Probe x3  
  128  7:35  Stalker  
  128  7:36  Stalker x4  
  141  7:40  Stalker  
  144  7:44  Probe x3  
  144  7:48  Colossus (Chrono Boost)  
  146  7:57  Stalker x3  
  158  8:03  Shield Battery  
  158  8:10  Photon Cannon, Probe, Shield Battery  
  158  8:11  Probe x2  
  161  8:20  Stalker x4  
  169  8:27  Colossus (Chrono Boost)  
  169  8:30  Probe  
  169  8:31  Probe  
  169  8:33  Probe x2  
  173  8:36  Templar Archives  
  173  8:41  Stalker x2  
  183  8:43  Stalker  
  183  8:46  Pylon  
  185  8:49  Assimilator  
  185  8:51  Assimilator  
  185  8:54  Stalker x2  
  189  9:12  Stalker x5  
  199  9:33  Gateway  
  199  9:36  Gateway  
  199  9:37  Gateway  
  199  9:38  Nexus  
  199  9:41  Gateway, Pylon  
  199  9:44  Pylon  
  199  10:05  Robotics Facility  
  199  10:10  Stargate x2  
  199  10:14  Stargate  
Tags
 
Composition
Mass Adepts
League
Master
Matchup
PvP
Add a new tag
Caveats
  • Supply blocks, unpowered buildings, or Contaminate may cause inaccurate times.
  • Supply counts are checked every 10 seconds.